 Dungeon Crawl Stone Soup version 0.17-a0-1421-g95311d7 (webtiles) character file.

106890 sigmacitizen the Severer (level 15, -2/145 HPs)
             Began as a Minotaur Berserker on June 10, 2015.
             Was a High Priest of Trog.
             Killed from afar by a bog body (18 damage)
             ... with a bolt of cold
             ... on level 1 of the Swamp on June 25, 2015.
             The game lasted 03:35:01 (27769 turns).

sigmacitizen the Severer (Minotaur Berserker)      Turns: 27769, Time: 03:35:01

Health: -2/145     AC: 25    Str: 28    XL:     15   Next: 98%
Magic:  15/15      EV: 15    Int:  4    God:    Trog [*****.]
Gold:   1506       SH:  0    Dex: 20    Spells: 0 memorised, 14 levels left

rFire  . . .     SeeInvis .     I - +9 war axe of the Manifold Spirits {flame, *Rage Dex+10}
rCold  . . .     Rnd*Rage +     q - +3 plate armour
rNeg   . . .     SustAt   .     (no shield)
rPois  +         Gourm    .     (helmet restricted)
rElec  .         Spirit   .     t - +2 cloak {MR+}
rCorr  .         Warding  .     x - +0 pair of gloves
rMut   +         Stasis   .     (no boots)
MR     ++...                    A - amulet of resist mutation
Stlth  ..........               j - ring of Order {rPois EV+1 Stlth+}
                                G - +1 ring of slaying

@: very resistant to hostile enchantments, extremely unstealthy
A: retaliatory headbutt, horns 2, talons 1
a: Burn Spellbooks, Berserk, Trog's Hand, Brothers in Arms, Renounce Religion


You were on level 1 of the Swamp.
You worshipped Trog.
Trog was extremely pleased with you.
You were not hungry.

You visited 4 branches of the dungeon, and saw 28 of its levels.

You collected 2980 gold pieces.
You spent 1474 gold pieces at shops.

Inventory:

Hand weapons
 H - the +5 executioner's axe "Ogutaf" {flame, +Inv rPois}
   (Trog gifted it to you on level 3 of the Orcish Mines)

   It has been specially enchanted to burn those struck by it, causing extra
   injury to most foes and up to half again as much damage against particularly
   susceptible opponents.
   Big, fiery blades are also staple armaments of hydra-hunters.
   It protects you from poison.
   It lets you turn invisible.
 I - the +9 war axe of the Manifold Spirits (weapon) {flame, *Rage Dex+10}
   (Trog gifted it to you on level 5 of the Lair of Beasts)

   It has been specially enchanted to burn those struck by it, causing extra
   injury to most foes and up to half again as much damage against particularly
   susceptible opponents.
   Big, fiery blades are also staple armaments of hydra-hunters.
   It affects your dexterity (+10).
   It may make you go berserk in combat.
Missiles
 e - 10 poisoned tomahawks (quivered)
 M - 57 tomahawks
Armour
 q - a +3 plate armour (worn)
 t - a +2 cloak of magic resistance (worn)
 x - a +0 pair of gloves (worn)
Jewellery
 j - the ring of Order (right hand) {rPois EV+1 Stlth+}
   (You found it on level 8 of the Lair of Beasts)

   [ring of evasion]

   It affects your evasion (+1).
   It protects you from poison.
   It makes you more stealthy.
 l - an uncursed ring of positive energy
 A - an amulet of resist mutation (around neck)
 G - a +1 ring of slaying (left hand)
 P - an uncursed ring of protection from fire
Magical devices
 b - a wand of draining (8)
 d - a wand of confusion (28)
 h - a wand of flame (26)
 i - a wand of frost (48)
 k - a wand of enslavement (20)
 n - a wand of slowing (24)
 s - a wand of disintegration (16)
 u - a wand of fire (9)
 K - a wand of lightning (12)
 W - a wand of digging (0)
 Y - a wand of teleportation (6)
Scrolls
 a - a scroll of fog
 f - 6 scrolls of teleportation
 m - a scroll of blinking
 o - 3 scrolls of vulnerability
 C - a scroll of recharging
 E - 5 scrolls of immolation
 O - a scroll of identify
 Q - 2 scrolls of enchant weapon
 R - 4 scrolls of brand weapon
 U - a scroll of fear
 X - 8 scrolls of remove curse
 Z - 7 scrolls of magic mapping
Potions
 p - a potion of curing
 y - 2 potions of resistance
 B - 2 potions of ambrosia
 D - 2 potions of lignification
 J - a potion of haste
 L - a potion of invisibility
 T - 5 potions of might
 V - 2 potions of agility
Miscellaneous
 g - a phial of floods
 z - a lamp of fire
 N - a sack of spiders
Comestibles
 c - 5 bread rations
 v - 12 fruits
 w - 3 meat rations
 F - 9 slices of pizza
 S - 8 beef jerkies


   Skills:
 + Level 16.3 Fighting
 + Level 18.7 Axes
 + Level 11.9 Throwing
 + Level 15.4 Armour
 + Level 8.1 Dodging
 + Level 1.7 Stealth
 + Level 1.4 Evocations


You had 14 spell levels left.
You didn't know any spells.

Dungeon Overview and Level Annotations

Branches:
Dungeon (12/15)            Temple (0/1) D:5            Lair (8/8) D:11
  Swamp (4/4) Lair:3        Snake (0/4) Lair:6          Orc (4/4) D:12
    Elf (0/3) Orc:4
  Slime: Lair:6-8

Altars:
Ashenzari
Makhleb
Nemelex Xobeh
Qazlal
Trog
Vehumet
Xom
Yredelemnul
Beogh

Shops:
D:6 [   D:9 =   D:10 (   Orc:2 [   Orc:4 *???

Annotations:
Swamp:2 exclusion: Roxanne, Roxanne


Innate Abilities, Weirdness & Mutations

You reflexively headbutt those who attack you in melee.
You have a pair of horns on your head.
You have sharp toenails.


Message History

You climb upwards.
Level annotation: exclusion: Roxanne, Roxanne
There is a stone staircase leading down here.
Read which item? (? for menu, Esc to quit)
As you read the scroll of fear, it crumbles to dust.
You assume a fearsome visage.
The four-headed hydra looks frightened!
What do you say? t - Shout!
Orders for allies: a - Attack new target. r - Retreat! s - Stop attacking. w - Wait here. f - Follow me.
Anything else - Stay silent.
Okay, then.
There is an escape hatch in the ceiling here.
You can't go down here!
A mysterious force pulls you upwards. The hatch slams shut behind you.
A bog body comes into view.
The bog body casts a spell at you. The bolt of cold hits you!
You die...

.≈♣ ..
....≈≈....
♣♣≈≈≈♣ .P♣ ..
...≈≈≈≈(≈.
♣♣♣♣♣ ..♣ . .#
....≈.≈♣≈.. ≈.♣
#. ..
#..♣♣♣♣.≈. ≈≈♣♣
...#. .♣ .≈≈
≈≈.♣ . .n.. .♣
.!≈≈ ≈.♣♣ .≈.
..##.♣≈≈≈.. ≈.♣
≈.≈..#...≈≈≈≈..
≈.♣
≈......@..≈≈≈..
♣♣♣
.....#.#(.≈≈≈?♣
..# ).. ...≈≈≈♣
#..# ..≈≈.♣♣
#.% ♣.≈..♣ ...
....♣ ...
≈..... ♣♣≈.
♣♣...≈


You could see a bog body.

Vanquished Creatures
  Frances (Swamp:1)
  Kirke (Lair:6)
  An orc warlord (Orc:4)
  Aizul (Swamp:4)
  Snorg (D:12)
  Josephine (Lair:6)
  15 hydras
  2 catoblepae (Lair:8)
  2 ghost crabs
  2 alligators (Swamp:2)
  A queen ant (Lair:5)
  18 death yaks
  Nergalle (Orc:2)
  6 orc high priests (Orc:4)
  A spriggan druid (Swamp:4)
  5 swamp dragons
  A shambling mangrove (Swamp:3)
  A hill giant (D:10)
  4 orc knights
  4 orc sorcerers
  A lindwurm (Lair:7)
  An ugly thing (D:12)
  A cyclops (Orc:4)
  3 griffons
  10 elephants
  4 black mambas
  13 spiny frogs
  A torpor snail (Lair:6)
  3 gargoyles (D:12)
  10 komodo dragons
  A wandering mushroom (Lair:3)
  3 giant leeches
  4 trolls
  3 polar bears (D:12)
  4 two-headed ogres (Orc:4)
  2 bog bodies
  5 slime creatures
  6 blink frogs
  2 centaur simulacra (D:12)
  3 shadows (Swamp:1)
  A spriggan (Swamp:2)
  5 wraiths (Lair:6)
  A wyvern (D:7)
  3 fire bats (Lair:7)
  7 hogs (Lair:6)
  A deep elf mage (D:9)
  55 yaks
  A wolf (D:12)
  8 hippogriffs
  A basilisk (Lair:6)
  3 vampire mosquitoes (Swamp:3)
  A human (D:10)
  2 hungry ghosts
  8 insubstantial wisps
  4 wargs
  13 soldier ants (Lair:5)
  15 swamp worms
  9 porcupines
  41 orc warriors
  15 water moccasins
  2 nagas (Lair:6)
  6 swamp drakes
  6 wasps
  16 ogres
  4 ice beasts (D:12)
  A black bear (D:6)
  6 phantoms
  2 necrophages
  4 centaurs
  2 sky beasts
  11 crocodiles
  13 giant frogs
  2 big kobolds
  2 wyvern zombies
  4 scorpions
  A wyvern skeleton (D:9)
  19 wights
  28 killer bees
  3 electric eels
  6 crimson imps
  A lava snake (Lair:3)
  2 quasits
  A centaur skeleton (D:7)
  2 giant frog skeletons
  A giant frog zombie (D:8)
  25 orc priests
  28 orc wizards
  Jessica (D:3)
  8 hounds
  Terence (D:3)
  An iguana (D:7)
  22 worker ants
  2 giant frog simulacra (D:12)
  A killer bee zombie (D:6)
  18 sheep
  A worker ant zombie (D:11)
  17 adders
  52 river rats
  3 gnolls (D:5)
  2 white imps (D:12)
  2 oozes
  An adder skeleton (D:5)
  2 worms
  12 giant geckos
  279 orcs
  16 bats
  A bat skeleton (D:7)
  3 giant cockroaches
  24 goblins
  28 hobgoblins
  24 kobolds
  6 quokkas
  A ball python (D:1)
  4 giant newts
  A quokka skeleton (D:8)
  8 rats
  A spectral orc (D:2)
  6 briar patches (Swamp:3)
  A bush (Lair:8)
  18 fungi
  11 plants
1119 creatures vanquished.

Vanquished Creatures (collateral kills)
  A thorn hunter (Swamp:3)
  2 hydras
  A ghost crab (Swamp:3)
  A catoblepas (Lair:8)
  A death yak (Lair:8)
  3 spriggans (Swamp:3)
  The ghost of Nitemare the Skirmisher, an experienced DsFi of Okawaru (D:7)
  5 swamp dragons (Swamp:4)
  An elephant (Lair:8)
  A spiny frog (Lair:6)
  A troll (D:9)
  3 blink frogs (Lair:3)
  2 wargs (D:11)
  2 swamp worms (Swamp:3)
  4 swamp drakes (Swamp:4)
  2 orc warriors (D:11)
  3 wasps (Swamp:3)
  3 orc priests (D:11)
  A hound skeleton (D:7)
  A giant gecko (D:11)
  2 orcs (D:11)
  A plant (D:11)
42 creatures vanquished.

Vanquished Creatures (others)
  An elephant (Lair:6)
  3 orcs
  A ball python (D:2)
  2 fungi (Lair:8)
7 creatures vanquished.

Grand Total: 1168 creatures vanquished

Notes
Turn   | Place    | Note
--------------------------------------------------------------
     0 | D:1      | sigmacitizen the Minotaur Berserker began the quest for the Orb.
     0 | D:1      | Reached XP level 1. HP: 19/19 MP: 0/0
   136 | D:1      | Reached skill level 4 in Axes
   205 | D:1      | Reached XP level 2. HP: 22/27 MP: 1/1
   565 | D:1      | Reached XP level 3. HP: 33/33 MP: 2/2
   704 | D:1      | Acquired Trog's second power
   795 | D:2      | Found a radiant altar of Vehumet.
   928 | D:2      | Found a shimmering altar of Xom.
   938 | D:2      | Found a burning altar of Makhleb.
   977 | D:2      | Reached XP level 4. HP: 40/40 MP: 3/3
  1420 | D:2      | Found a basalt altar of Yredelemnul.
  1716 | D:3      | Reached skill level 5 in Axes
  1917 | D:3      | Noticed Jessica
  1926 | D:3      | Killed Jessica
  1995 | D:3      | Reached XP level 5. HP: 47/47 MP: 4/4
  2197 | D:3      | Noticed Terence
  2210 | D:3      | Killed Terence
  2337 | D:3      | Upgraded the game from 0.17-a0-1337-ge651487 to 0.17-a0-1360-g37db002
  2697 | D:4      | Reached XP level 6. HP: 49/55 MP: 5/5
  3010 | D:4      | Reached skill level 5 in Fighting
  3317 | D:5      | Entered Level 5 of the Dungeon
  3327 | D:5      | Reached skill level 6 in Axes
  3506 | D:5      | Reached skill level 1 in Throwing
  3509 | D:5      | Acquired Trog's third power
  3525 | D:5      | Found a staircase to the Ecumenical Temple.
  3581 | D:5      | Reached skill level 5 in Armour
  3581 | D:5      | Reached XP level 7. HP: 58/61 MP: 6/6
  3843 | D:5      | Upgraded the game from 0.17-a0-1360-g37db002 to 0.17-a0-1368-g6ab37f2
  4001 | D:6      | Found a bloodstained altar of Trog.
  4001 | D:6      | Found a stormy altar of Qazlal.
  4527 | D:6      | Found Ellupual's Armour Boutique.
  4557 | D:6      | Reached skill level 5 in Dodging
  4606 | D:6      | Reached XP level 8. HP: 70/70 MP: 7/7
  4611 | D:6      | Reached skill level 7 in Axes
  4612 | D:6      | Received a gift from Trog
  4707 | D:7      | Noticed Nitemare's ghost (experienced DsFi)
  5084 | D:7      | Reached skill level 8 in Axes
  5413 | D:7      | Found a sparkling altar of Nemelex Xobeh.
  5444 | D:7      | Killed Nitemare's ghost
  5444 | D:7      | Reached XP level 9. HP: 46/78 MP: 8/8
  6260 | D:8      | Reached skill level 9 in Axes
  6266 | D:8      | Reached skill level 5 in Throwing
  6816 | D:8      | Reached XP level 10. HP: 51/89 MP: 9/9
  7177 | D:8      | Received a gift from Trog
  7336 | D:8      | Upgraded the game from 0.17-a0-1368-g6ab37f2 to 0.17-a0-1399-gd5b76e1
  7509 | D:9      | Found a burning altar of Makhleb.
  7828 | D:9      | Reached skill level 10 in Axes
  7840 | D:9      | Reached skill level 10 in Armour
  8343 | D:9      | Received a gift from Trog
  8723 | D:9      | Received a gift from Trog
  8867 | D:9      | Found Leluipn's Jewellery Shop.
  8877 | D:9      | Bought an uncursed amulet of clarity for 340 gold pieces
  8896 | D:10     | Entered Level 10 of the Dungeon
  9023 | D:10     | Reached XP level 11. HP: 77/98 MP: 10/10
  9396 | D:10     | Noticed a hill giant
  9401 | D:10     | Killed a hill giant
  9401 | D:10     | Received a gift from Trog
  9401 | D:10     | Reached skill level 10 in Fighting
  9624 | D:10     | Reached skill level 11 in Axes
  9876 | D:10     | Found Fingawee's Antique Weapon Emporium.
 10351 | D:11     | Found a staircase to the Lair.
 10685 | Lair:1   | Entered Level 1 of the Lair of Beasts
 10819 | Lair:1   | Noticed a four-headed hydra
 10829 | Lair:1   | Killed an eight-headed hydra
 10939 | Lair:1   | Received a gift from Trog
 11512 | Lair:2   | Upgraded the game from 0.17-a0-1399-gd5b76e1 to 0.17-a0-1403-g9df874c
 11548 | Lair:2   | Received a gift from Trog
 11607 | Lair:2   | Reached skill level 12 in Axes
 12476 | Lair:3   | Found a staircase to the Swamp.
 12861 | Lair:3   | Reached XP level 12. HP: 59/107 MP: 11/11
 13193 | Lair:4   | Noticed a four-headed hydra
 13210 | Lair:4   | Killed a nine-headed hydra
 13394 | Lair:4   | Upgraded the game from 0.17-a0-1403-g9df874c to 0.17-a0-1409-ge6d9485
 13764 | Lair:5   | Received a gift from Trog
 13771 | Lair:5   | Got a polished war axe {god gift}
 13773 | Lair:5   | Identified the +9 war axe of the Manifold Spirits {flame, *Rage Dex+10} (Trog gifted it to you on level 5 of the Lair of Beasts)
 13810 | Lair:5   | Identified a scroll of acquirement
 13884 | Lair:5   | Reached skill level 13 in Axes
 14246 | Lair:6   | Found a staircase to the Snake Pit.
 14314 | Lair:6   | Reached skill level 14 in Axes
 14338 | Lair:6   | Noticed Josephine
 14347 | Lair:6   | Killed Josephine
 14387 | Lair:6   | Noticed a four-headed hydra
 14391 | Lair:6   | Killed a four-headed hydra
 14439 | Lair:6   | Found a shattered altar of Ashenzari.
 14498 | Lair:6   | Reached XP level 13. HP: 96/119 MP: 12/12
 14512 | Lair:6   | Noticed Kirke
 14686 | Lair:6   | Reached skill level 1 in Evocations
 14695 | Lair:6   | Killed Kirke
 15076 | Lair:7   | Received a gift from Trog
 15215 | Lair:7   | Reached skill level 1 in Stealth
 15510 | Lair:8   | Entered Level 8 of the Lair of Beasts
 15639 | Lair:8   | Reached skill level 15 in Axes
 15657 | Lair:8   | Received a gift from Trog
 16189 | Lair:8   | Reached skill level 10 in Throwing
 16241 | Lair:8   | Upgraded the game from 0.17-a0-1409-ge6d9485 to 0.17-a0-1411-g06ff558
 16374 | Lair:8   | Reached XP level 14. HP: 68/130 MP: 13/13
 16762 | Lair:8   | Reached skill level 16 in Axes
 16903 | Lair:8   | Received a gift from Trog
 16996 | Lair:8   | Got a wavering glass ring
 17005 | Lair:8   | Identified the ring of Order {rPois EV+1 Stlth+} (You found it on level 8 of the Lair of Beasts)
 19361 | D:12     | Noticed Snorg
 19376 | D:12     | Killed Snorg
 19643 | D:12     | Reached skill level 17 in Axes
 19694 | D:12     | Found a staircase to the Orcish Mines.
 19744 | Orc:1    | Entered Level 1 of the Orcish Mines
 19931 | Orc:1    | Received a gift from Trog
 19985 | Orc:1    | Found a roughly hewn altar of Beogh.
 20084 | Orc:1    | Received a gift from Trog
 20434 | Orc:2    | Found Losumacu's Armour Shop.
 20440 | Orc:2    | Noticed Nergalle
 20451 | Orc:2    | Killed Nergalle
 20574 | Orc:2    | Bought a +2 cloak of magic resistance for 279 gold pieces
 21229 | Orc:4    | Entered Level 4 of the Orcish Mines
 21235 | Orc:4    | Received a gift from Trog
 21253 | Orc:4    | Upgraded the game from 0.17-a0-1411-g06ff558 to 0.17-a0-1421-g95311d7
 21309 | Orc:4    | Received a gift from Trog
 21579 | Orc:4    | Received a gift from Trog
 21900 | Orc:4    | Noticed an orc warlord
 21912 | Orc:4    | Killed an orc warlord
 22108 | Orc:4    | Found a roughly hewn altar of Beogh.
 22110 | Orc:4    | Reached XP level 15. HP: 136/139 MP: 14/14
 22200 | Orc:4    | Reached skill level 15 in Fighting
 22713 | Orc:4    | Received a gift from Trog
 22856 | Orc:4    | Found Weilyid's Assorted Antiques.
 22883 | Orc:4    | Bought a scroll of identify for 50 gold pieces
 22883 | Orc:4    | Bought a dented pearl amulet for 125 gold pieces
 22935 | Orc:4    | Found Bosan's Magic Scroll Boutique.
 22991 | Orc:4    | Bought a scroll of identify for 32 gold pieces
 22991 | Orc:4    | Bought a scroll of enchant armour for 120 gold pieces
 22991 | Orc:4    | Bought a scroll of enchant weapon for 120 gold pieces
 22991 | Orc:4    | Bought a scroll of enchant armour for 120 gold pieces
 23217 | Orc:4    | Found a staircase to the Elven Halls.
 23473 | Orc:4    | Found a roughly hewn altar of Beogh.
 23475 | Orc:4    | Received a gift from Trog
 23476 | Orc:4    | Found Roreb's Magic Scroll Boutique.
 23482 | Orc:4    | Found Woekor's Magic Scroll Shop.
 23520 | Orc:4    | Bought a scroll of identify for 30 gold pieces
 23520 | Orc:4    | Bought a scroll of identify for 30 gold pieces
 23520 | Orc:4    | Bought a scroll of identify for 30 gold pieces
 23520 | Orc:4    | Bought a scroll of identify for 30 gold pieces
 23528 | Orc:4    | Bought a scroll of magic mapping for 52 gold pieces
 23553 | Orc:4    | Bought a scroll of magic mapping for 45 gold pieces
 23553 | Orc:4    | Bought a scroll of magic mapping for 45 gold pieces
 23553 | Orc:4    | Bought a scroll of identify for 26 gold pieces
 23902 | Orc:3    | Received a gift from Trog
 23923 | Orc:3    | Got a bloodstained executioner's axe {god gift}
 23924 | Orc:3    | Identified the +5 executioner's axe "Ogutaf" {flame, +Inv rPois} (Trog gifted it to you on level 3 of the Orcish Mines)
 24742 | Swamp:1  | Entered Level 1 of the Swamp
 24768 | Swamp:1  | Reached skill level 18 in Axes
 25111 | Swamp:1  | Noticed Frances
 25119 | Swamp:1  | Killed Frances
 25339 | Swamp:2  | Reached skill level 15 in Armour
 25937 | Swamp:2  | Gained mutation: You have sharp toenails. [potion of beneficial mutation]
 26006 | Swamp:2  | Received a gift from Trog
 26230 | Swamp:2  | Noticed Roxanne
 26607 | Swamp:3  | Received a gift from Trog
 27011 | Swamp:3  | Noticed a thorn hunter
 27029 | Swamp:3  | Killed a thorn hunter
 27441 | Swamp:4  | Entered Level 4 of the Swamp
 27441 | Swamp:4  | Noticed Aizul
 27454 | Swamp:4  | Killed Aizul
 27769 | Swamp:1  | Killed from afar by a bog body

Vault maps used:
D:1:      dpeg_chamrin_arrival_tetris
D:2:      amethyst_overflow_temple_binary, yredelemnul_forgotten_temple_becter,
          fiery_altar_vehumet, first_bread
D:3:      uniq_jessica, uniq_terence
D:5:      minmay_temple_entry_mist, minmay_misc_feat_secret_circle
D:6:      gammafunk_temple_overflow_pools, serial_shops,
          nicolae_shop_statue_plus
D:7:      nemelex_xobeh_ov_fountains_minmay
D:8:      nicolae_overflow_hidden_temple, uniq_gastronok
D:9:      serial_shops, nicolae_shop_temple_entry_statues_fountains, basic_altar
D:10:     serial_shops, shop, grunt_livestock
D:11:     erik_lair_orcish_takeover, serial_shops, bzr_entry_dummy,
          kennysheep_decorative_pillar
D:12:     orc_0_dummy, serial_ice, serial_ice_h, serial_ice_m, serial_ice_d,
          serial_ice_b, serial_ice_k, serial_ice_c, serial_ice_n, uniq_snorg
Lair:1:   serial_bayou_shore_b
Lair:3:   minmay_lair_oklob_items, swamp_mist_pool, fungi_pond_lemuel
Lair:5:   minmay_another_anthill
Lair:6:   guppyfry_snake_entry_island, dpeg_slime_entry_corner, basic_altar,
          uniq_kirke, uniq_josephine
Lair:7:   nicolae_volcano_entry_batcave, serial_bayou_shore_b,
          serial_bayou_shore_a
Lair:8:   evilmike_catoblepas_cave, st_stairs_7
Swamp:1:  evilmike_swamp_ruin_rubble_2, uniq_frances
Swamp:2:  nicolae_swamp_very_dense_foliage, swamp_pool1, uniq_roxanne
Swamp:3:  evilmike_swamp_ruin_house_3
Swamp:4:  swamp_alternative, uniq_aizul
Orc:1:    nicolae_orc_lost_temple
Orc:2:    serial_shops, shop, uniq_nergalle
Orc:3:    nicolae_orc_pool_cavern
Orc:4:    pubby_orc_utopia, serial_shops

Action                   |  1- 3 |  4- 6 |  7- 9 | 10-12 | 13-15 || total
-------------------------+-------+-------+-------+-------+-------++-------
Melee: Hand axe          |    82 |   155 |       |       |       ||   237
       War axe           |       |    12 |   165 |   323 |   946 ||  1446
       Battleaxe         |       |       |       |   323 |       ||   323
       Executioner's axe |       |       |       |       |    67 ||    67
Throw: Tomahawk          |       |    16 |    40 |   171 |   230 ||   457
Invok: Berserk           |       |     2 |     4 |       |     2 ||     8
       Burn Spellbooks   |       |       |     1 |     1 |     1 ||     3
       Brothers in Arms  |       |       |     1 |     4 |    12 ||    17
Evoke: Wand              |       |       |     1 |     1 |     6 ||     8
       Sack of spiders   |       |       |       |     1 |       ||     1
  Use: Scroll            |       |     4 |     5 |    20 |    30 ||    59
       Potion            |       |       |       |     1 |     7 ||     8
 Stab: Distracted        |       |       |       |       |     2 ||     2
       Fleeing           |       |       |       |       |     1 ||     1
  Eat: Chunk             |       |     6 |     7 |    15 |    20 ||    48
       Meat ration       |       |     1 |       |     1 |       ||     2
       Pizza             |       |       |     1 |     3 |       ||     4
       Bread ration      |       |       |     2 |       |    11 ||    13
